[Event "Titled Tuesday Blitz May 24 Early 2022"]
[White "Politov, Pavel Y."]
[Black "Ambartsumova, Karina"]
[WhiteFideId "24110515"]
[BlackFideId "4166299"]
[WhiteElo "2090"]
[BlackElo "2262"]
[Result "0-1"]
[Round "01"]
[TimeControl "180+1"]
[Date "2022.05.25"]
[WhiteClock "0:00:02"]
[BlackClock "0:00:09"]

1. e4 e5 2. Nf3 Nc6 3. Bc4 Bc5 4. O-O Nf6 5. d3 O-O 6. Nbd2 h6 7. h3 d5 8. exd5 Nxd5 9. Re1 Re8 10. Bb5 f6 11. Bxc6 bxc6 12. Nc4 Bf8 13. Be3 Bf5 14. Qd2 Qd7 15. Rad1 a6 16. d4 e4 17. Nh2 Rab8 18. a3 h5 19. b3 Rbd8 20. b4 Qf7 21. Na5 Qe6 22. c4 Nb6 23. Rc1 Qd7 24. Nb7 Rb8 25. Nc5 Qf7 26. Bf4 Nxc4 27. Qa2 Nd6 28. Qxf7+ Kxf7 29. g4 hxg4 30. hxg4 Bg6 31. Nxa6 Rb6 32. Nxc7 Rc8 33. Bxd6 Bxd6 34. Nd5 Ra6 35. Ne3 Rxa3 36. Rc4 Rb3 37. Rec1 Rxb4 38. Rxc6 Rxc6 39. Rxc6 Rb1+ 40. Kg2 Bf4 41. Nf5 Bxf5 42. gxf5 Rb2 43. Ng4 e3 44. Kf3 e2 45. Re6 Rb3+ 46. Kxf4 Rb2 47. Kf3 Rd2 48. Rxe2 Rxd4 49. Kg3 Rd3+ 50. f3 Rd5 51. Re4 Rxf5 52. Rf4 Rb5 53. Kh4 g5+ 54. Kg3 gxf4+ 55. Kxf4 Rb4+ 56. Kg3 Ra4 57. Nf2 Kg6 58. Ng4 f5 59. Nf2 Kg5 60. f4+ Kf6 61. Nh3 Ra3+ 62. Kh2 Rf3 63. Kg2 Ra3 64. Kh2 Ke6 65. Kg2 Kd5 66. Kh2 Ke4 67. Kg2 Ra2+ 68. Kg3 Ra3+ 69. Kh4 Rxh3+ 70. Kxh3 Kxf4 71. Kg2 Ke3 72. Kg3 f4+ 73. Kg2 Ke2 74. Kg1 f3 75. Kh2 f2 76. Kg2 f1=Q+ 0-1


[Site "https://www.chess.com"]

[Event "Titled Tuesday Blitz May 24 Early 2022"]
[White "Rahman, Adel"]
[Black "Aradhya, Garg"]
[WhiteFideId "14204177"]
[BlackFideId "25006746"]
[WhiteElo "2175"]
[BlackElo "2169"]
[Result "0-1"]
[Round "01"]
[TimeControl "180+1"]
[Date "2022.05.25"]
[WhiteClock "0:01:16"]
[BlackClock "0:02:38"]

1. e4 e5 2. Nf3 Nc6 3. d4 exd4 4. Nxd4 Nf6 5. Nxc6 bxc6 6. e5 Qe7 7. Qe2 Nd5 8. h4 f6 9. exf6 gxf6 10. a3 a5 11. c4 Nb6 12. Nc3 Ba6 13. Qxe7+ Bxe7 14. Bf4 Nxc4 15. Bxc7 Nxb2 16. Bxa6 Rxa6 17. O-O Kf7 18. Rfb1 Nc4 19. Rb7 Rha8 20. a4 R6a7 21. Rab1 Bb4 22. Rxa7 Rxa7 23. Na2 Rxc7 0-1


[Site "https://www.chess.com"]

[Event "Titled Tuesday Blitz May 24 Early 2022"]
[White "Ramirez Vido, Robert Yorisan"]
[Black "Barp, Alberto"]
[WhiteFideId "3513823"]
[BlackFideId "872555"]
[WhiteElo "2331"]
[BlackElo "2229"]
[Result "0-1"]
[Round "01"]
[TimeControl "180+1"]
[Date "2022.05.25"]
[WhiteClock "0:00:54"]
[BlackClock "0:01:25"]

1. e4 c5 2. Nf3 d6 3. d3 Nc6 4. g3 g6 5. Bg2 Bg7 6. O-O Nf6 7. Re1 O-O 8. c3 e5 9. a4 h6 10. d4 exd4 11. cxd4 Bg4 12. dxc5 dxc5 13. Qc2 Bxf3 14. Bxf3 Nd4 15. Qd3 Nd7 16. Bg2 Ne5 17. Qd1 c4 18. Nc3 Nd3 19. Rf1 Nb3 20. Rb1 Bxc3 21. bxc3 Ndxc1 22. Rxc1 Nxc1 23. Qxc1 Kh7 24. Rd1 Qc7 25. Rd4 Rad8 26. Qe3 Rxd4 27. Qxd4 Rd8 28. Qf6 Rd6 29. Qf4 Rd1+ 30. Bf1 Qxf4 31. gxf4 a6 32. Kg2 b5 33. axb5 axb5 0-1


[Site "https://www.chess.com"]

[Event "Titled Tuesday Blitz May 24 Early 2022"]
[White "Riehle, Marco"]
[Black "Kholin, Aleksandr"]
[WhiteFideId "12904392"]
[BlackFideId "14179385"]
[WhiteElo "2462"]
[BlackElo "2478"]
[Result "1/2-1/2"]
[Round "01"]
[TimeControl "180+1"]
[Date "2022.05.25"]
[WhiteClock "0:00:12"]
[BlackClock "0:00:07"]

1. e4 c6 2. c4 d5 3. cxd5 cxd5 4. exd5 Nf6 5. Nc3 Nxd5 6. Nf3 Nc6 7. Bb5 e6 8. O-O Be7 9. d4 O-O 10. Re1 Bd7 11. Bd3 Bf6 12. Ne4 Bxd4 13. Nxd4 Nxd4 14. Bg5 f6 15. Bh4 Nf5 16. Bg3 Nxg3 17. hxg3 Qb6 18. b3 Rac8 19. Qh5 f5 20. Ng5 h6 21. Nf3 Rc3 22. Bc4 Rc2 23. Rf1 Bb5 24. Ne5 Bxc4 25. bxc4 Nf6 26. Qf3 Ne4 27. Nd7 Qd4 28. Nxf8 Rxf2 29. Rxf2 Qxa1+ 30. Rf1 Qd4+ 31. Kh2 Kxf8 32. Qa3+ Kg8 33. Qe7 Qe5 34. Rf3 Nf6 35. Qd8+ Kh7 36. Qd2 Ng4+ 37. Kg1 Qa1+ 38. Rf1 Qe5 39. Qf4 Qc5+ 40. Kh1 b6 41. a4 Qb4 42. Qc7 Qxa4 43. Qc8 Qb3 44. Qxe6 Qxg3 45. Qxf5+ Kh8 46. Qf8+ Kh7 47. Qf5+ Kh8 48. Qf4 Qxf4 49. Rxf4 Ne5 50. Re4 Nc6 51. Re6 Na5 52. Re4 Kg8 53. Rf4 g6 54. Kh2 Kg7 55. g4 g5 56. Rd4 Kf6 57. Rd6+ Ke5 58. Rxh6 Nxc4 59. Kg3 Nd2 60. Rh7 Ne4+ 61. Kf3 Nc5 62. Rxa7 Ne6 63. Rb7 Nd4+ 64. Kg3 b5 65. Rb6 Kd5 66. Kf2 Kc4 67. Ke3 b4 68. Kd2 b3 69. Kc1 Kd3 70. Rg6 Nf3 71. Kb2 Ke4 72. Rf6 Ne5 73. Rf5 Nxg4 74. Rxg5 Ne5 75. Kxb3 Nd3 76. Rg4+ Ke5 77. Kc4 Nf4 78. Rg5+ Ke6 79. Rg8 Kf5 80. Rf8+ Ke4 81. Re8+ Kf5 82. Kd4 Ne6+ 83. Ke3 Nc5 84. Rf8+ Ke5 85. Rh8 Kd5 86. Rh5+ Kc6 87. Kd4 Ne6+ 88. Ke5 Nc5 89. Rh6+ Kb5 90. Kd5 Nd3 91. Rh8 Nb4+ 92. Kd4 Nc6+ 93. Kc3 Kc5 94. Rh5+ Kd6 95. Kc4 Ne5+ 96. Kd4 Nc6+ 97. Ke4 Ke6 98. Rh6+ Kd7 99. Kd5 Ne7+ 100. Kc5 Nf5 101. Rf6 Ne7 102. Rd6+ Kc7 103. Rd4 Nf5 104. Re4 Kd7 105. Re5 Ne7 106. Re1 Nf5 107. Kd5 Ne7+ 108. Ke5 Nc6+ 109. Kf6 Kd6 110. Rd1+ Kc5 111. Ke6 Nd4+ 112. Ke5 Nc6+ 113. Ke4 Ne7 114. Rd2 Nc6 115. Rd5+ Kb6 116. Rh5 Kc7 117. Kd5 Ne7+ 118. Ke6 Nc6 119. Rc5 Kb6 120. Kd6 Nd4 121. Kd5 Nb3 122. Rc8 Nd2 123. Rc2 Nf3 124. Rf2 Ng5 125. Rf5 1/2-1/2


[Site "https://www.chess.com"]

[Event "Titled Tuesday Blitz May 24 Early 2022"]
[White "Rios Escobar, Adan"]
[Black "Hasangatin, Ramil"]
[WhiteFideId "3403645"]
[BlackFideId "4122160"]
[WhiteElo "2373"]
[BlackElo "2399"]
[Result "1-0"]
[Round "01"]
[TimeControl "180+1"]
[Date "2022.05.25"]
[WhiteClock "0:01:58"]
[BlackClock "0:00:55"]

1. d4 Nf6 2. g3 d5 3. Nf3 c6 4. c4 Bf5 5. Nc3 e6 6. Nh4 Bg4 7. h3 Bh5 8. g4 Nfd7 9. Qb3 b6 10. Bg2 Qxh4 11. cxd5 exd5 12. Nxd5 cxd5 13. Qxd5 Bb4+ 14. Kf1 Bg6 15. Bg5 Qxg5 16. Qxg5 Nc6 17. Bxc6 Rc8 18. Bxd7+ Kxd7 19. Qb5+ Rc6 20. d5 Be4 21. Qxc6+ Ke7 22. d6+ Bxd6 23. Qxe4+ Kd7 24. Rd1 Rc8 25. Qf5+ Ke7 26. Qxc8 Be5 27. Qd7+ 1-0


[Site "https://www.chess.com"]

[Event "Titled Tuesday Blitz May 24 Early 2022"]
[White "Rostovtsev, Dmitry"]
[Black "Gulatz, Maurice"]
[WhiteFideId "34278320"]
[BlackFideId "24642746"]
[WhiteElo "2274"]
[BlackElo "2150"]
[Result "1-0"]
[Round "01"]
[TimeControl "180+1"]
[Date "2022.05.25"]
[WhiteClock "0:00:37"]
[BlackClock "0:00:16"]

1. c4 g6 2. Nc3 Bg7 3. d4 Nf6 4. e4 d6 5. Nf3 O-O 6. Be2 e5 7. Be3 Ng4 8. Bg5 f6 9. Bh4 Nc6 10. d5 Ne7 11. O-O g5 12. Bg3 Nh6 13. h4 Ng6 14. hxg5 fxg5 15. Nh2 Nf4 16. Bxf4 gxf4 17. Ng4 Qg5 18. f3 Nxg4 19. fxg4 a6 20. c5 Bd7 21. c6 bxc6 22. dxc6 Bxc6 23. Rc1 Kh8 24. Nd5 Bxd5 25. Qxd5 Rab8 26. Rc2 Bh6 27. Bf3 Qe7 28. Rfc1 c5 29. Rd1 Rfd8 30. b3 Bf8 31. Rc4 Kg7 32. Qc6 a5 33. Kf1 Rb4 34. Rc2 Rd4 35. Rxd4 exd4 36. Ke2 d5 37. Kd3 dxe4+ 38. Bxe4 Qe5 39. Rc1 Re8 40. Rh1 h6 41. Qxh6+ Kf7 42. Qg6+ Ke7 43. Rh7+ Kd8 44. Qb6+ Kc8 45. Qb7+ Kd8 46. Qa8+ Qb8 47. Qxb8# 1-0


[Site "https://www.chess.com"]

[Event "Titled Tuesday Blitz May 24 Early 2022"]
[White "Sadubayev, Airat"]
[Black "Wachinger, Guenther"]
[WhiteFideId "13713264"]
[BlackFideId "4604261"]
[WhiteElo "2234"]
[BlackElo "2212"]
[Result "1-0"]
[Round "01"]
[TimeControl "180+1"]
[Date "2022.05.25"]
[WhiteClock "0:00:01"]
[BlackClock "0:00:02"]

1. e4 c5 2. Nf3 d6 3. d4 cxd4 4. Nxd4 Nf6 5. Nc3 g6 6. Be3 Bg7 7. f3 O-O 8. Qd2 Nc6 9. g4 e6 10. O-O-O d5 11. g5 Nh5 12. exd5 exd5 13. Nb3 d4 14. Nxd4 Nxd4 15. Bxd4 Bxd4 16. Qxd4 Qxg5+ 17. Kb1 Be6 18. Ne4 Qh4 19. Bd3 Rfd8 20. Qb4 a5 21. Qb6 Nf4 22. Qc7 Nxd3 23. Rxd3 f5 24. Nc5 Bf7 25. Nd7 Rac8 26. Qe5 Rxd7 27. Rxd7 Qc4 28. b3 Qxc2+ 29. Ka1 a4 30. Rhd1 Re8 31. Qf6 Rf8 32. Rd8 Qc5 33. Rxf8+ Qxf8 34. Rd8 Be8 35. Qxf8+ Kxf8 36. bxa4 Ke7 37. Rd4 Bc6 38. f4 Kf7 39. h4 Kf6 40. a5 h6 41. Kb2 g5 42. hxg5+ hxg5 43. fxg5+ Kxg5 44. Kc3 f4 45. Kd2 f3 46. Ke3 Kf5 47. a3 Ke5 48. Rb4 Kd6 49. Rc4 Kd5 50. Rc1 Kd6 51. Rc2 Kd7 52. Kd4 Kd6 53. Rh2 Kd7 54. Kc5 Be4 55. Kb6 Kd6 56. a6 Ke5 57. a7 1-0


[Site "https://www.chess.com"]

[Event "Titled Tuesday Blitz May 24 Early 2022"]
[White "Samaganova, Aleksandra"]
[Black "Yang, Kaiqi"]
[WhiteFideId "13800221"]
[BlackFideId "8604398"]
[WhiteElo "1889"]
[BlackElo "2373"]
[Result "0-1"]
[Round "01"]
[TimeControl "180+1"]
[Date "2022.05.25"]
[WhiteClock "0:00:05"]
[BlackClock "0:00:11"]

1. c4 g6 2. Nc3 Bg7 3. g3 Nf6 4. Bg2 O-O 5. e3 d6 6. Nge2 e5 7. O-O Nc6 8. h3 Bd7 9. a3 a5 10. Rb1 Qc8 11. Kh2 h5 12. f4 Re8 13. Nd5 Nxd5 14. cxd5 Nd8 15. b3 c6 16. dxc6 Bxc6 17. Rf2 Bxg2 18. Rxg2 Nc6 19. Bb2 Qd7 20. Nc3 d5 21. Na4 Rad8 22. d3 Qd6 23. Qd2 e4 24. d4 Bf8 25. Rc1 Rc8 26. Qe1 Rc7 27. Rgc2 Rec8 28. Qd2 Qe6 29. Nc5 Bxc5 30. Rxc5 b6 31. R5c2 Qd7 32. b4 axb4 33. axb4 Na7 34. Qe2 Rxc2 35. Rxc2 Rxc2 36. Qxc2 Nb5 37. Kg2 Nd6 38. Bc1 Nc4 39. Qa2 Qc7 40. Qa1 Kg7 41. g4 hxg4 42. hxg4 Qc8 43. Kg3 Nd6 44. Qb2 Qc4 45. Bd2 Qe2 46. Qc1 Nc4 47. Be1 Qf3+ 48. Kh2 Nxe3 49. Qd2 Nxg4+ 50. Kg1 e3 51. Qg2 Qd1 52. Qg3 f5 53. Kg2 Qe2+ 54. Kg1 Nf6 55. b5 Ne4 56. Qh4 Qg4+ 57. Qxg4 fxg4 58. Kf1 g3 59. Ke2 g2 60. Bf2 exf2 0-1


[Site "https://www.chess.com"]

[Event "Titled Tuesday Blitz May 24 Early 2022"]
[White "Samunenkov, Ihor"]
[Black "Estrada Nieto, Julian"]
[WhiteFideId "14187086"]
[BlackFideId "5101018"]
[WhiteElo "2409"]
[BlackElo "2252"]
[Result "0-1"]
[Round "01"]
[TimeControl "180+1"]
[Date "2022.05.25"]
[WhiteClock "0:00:07"]
[BlackClock "0:00:38"]

1. e4 e5 2. Nf3 Nc6 3. Bb5 a6 4. Ba4 Nf6 5. O-O Be7 6. Re1 b5 7. Bb3 d6 8. a4 b4 9. d4 Bg4 10. dxe5 Nxe5 11. Nbd2 O-O 12. h3 Nxf3+ 13. Nxf3 Be6 14. Bxe6 fxe6 15. e5 dxe5 16. Nxe5 Bd6 17. Nc4 Bc5 18. Be3 Bxe3 19. Rxe3 Qd5 20. Qe2 Nh5 21. g3 g6 22. Rxe6 Rxf2 23. Re8+ Rxe8 24. Qxe8+ Rf8 25. Ne3 Qd6 26. Qe4 Qxg3+ 27. Ng2 Nf4 0-1


[Site "https://www.chess.com"]

[Event "Titled Tuesday Blitz May 24 Early 2022"]
[White "San, Thit Lwin"]
[Black "Taichman, Ori"]
[WhiteFideId "13001272"]
[BlackFideId "2804069"]
[WhiteElo "2232"]
[BlackElo "2227"]
[Result "0-1"]
[Round "01"]
[TimeControl "180+1"]
[Date "2022.05.25"]
[WhiteClock "0:00:07"]
[BlackClock "0:01:45"]

1. Nf3 Nf6 2. c4 g6 3. Nc3 Bg7 4. e4 O-O 5. d4 d6 6. Be2 e5 7. O-O Nc6 8. d5 Ne7 9. b4 Ne8 10. c5 f5 11. Nd2 Nf6 12. f3 f4 13. Nc4 g5 14. a4 Ng6 15. Ba3 Rf7 16. cxd6 cxd6 17. b5 Bf8 18. a5 h5 19. Rc1 g4 20. Kh1 g3 21. Qc2 Nxe4 22. hxg3 fxg3 23. Qxe4 Bf5 24. Kg1 0-1


[Site "https://www.chess.com"]

[Event "Titled Tuesday Blitz May 24 Early 2022"]
[White "Sanchez, Robert"]
[Black "Poltorak, Sebastian"]
[WhiteFideId "2034360"]
[BlackFideId "1199498"]
[WhiteElo "2249"]
[BlackElo "2066"]
[Result "0-1"]
[Round "01"]
[TimeControl "180+1"]
[Date "2022.05.25"]
[WhiteClock "0:00:43"]
[BlackClock "0:00:15"]

1. e4 c5 2. Nf3 Nc6 3. d4 cxd4 4. Nxd4 Nf6 5. Nc3 e5 6. Ndb5 d6 7. Bg5 a6 8. Bxf6 gxf6 9. Na3 b5 10. Nd5 f5 11. Bd3 Be6 12. c4 b4 13. Nc2 Rb8 14. exf5 Bxd5 15. cxd5 Ne7 16. Ne3 Qd7 17. O-O Bh6 18. f6 Bxe3 19. fxe7 Bd4 20. Bxa6 Kxe7 21. Rb1 Rhg8 22. Kh1 Rg6 23. Bd3 Rg7 24. f4 Rbg8 25. f5 Rxg2 26. Be4 Rg1+ 27. Rxg1 Rxg1+ 28. Qxg1 Bxg1 29. Rxg1 Qa7 30. Rf1 Kf6 31. a3 bxa3 32. bxa3 Qxa3 33. Bg2 Qd3 34. Kg1 e4 35. Rf4 e3 36. Re4 Kxf5 37. Re8 e2 38. Kf2 e1=Q+ 39. Rxe1 Qd2+ 40. Re2 Qf4+ 41. Kg1 Qc1+ 42. Kf2 Kf6 43. Re3 Kg7 44. Rg3+ Kf8 45. Re3 Qd2+ 46. Kf3 h5 47. Kf4 Qd4+ 48. Be4 Qe5+ 49. Kf3 Qxh2 0-1


[Site "https://www.chess.com"]

[Event "Titled Tuesday Blitz May 24 Early 2022"]
[White "Sargsyan, Anna M."]
[Black "Johnson, Ben"]
[WhiteFideId "13308130"]
[BlackFideId "2010917"]
[WhiteElo "2271"]
[BlackElo "2220"]
[Result "1-0"]
[Round "01"]
[TimeControl "180+1"]
[Date "2022.05.25"]
[WhiteClock "0:01:38"]
[BlackClock "0:00:16"]

1. d4 Nf6 2. c4 e6 3. Nf3 d5 4. Nc3 Bb4 5. Bg5 h6 6. Bxf6 Qxf6 7. Qa4+ Nc6 8. e3 O-O 9. cxd5 exd5 10. Bd3 Bg4 11. Nd2 Rad8 12. O-O Rfe8 13. Rac1 Bf8 14. Bb1 Bf5 15. Qb3 Bxb1 16. Ndxb1 Qd6 17. Qxb7 Rb8 18. Qa6 Rxb2 19. Nb5 Rxb5 20. Qxb5 Re6 21. Qa6 Nxd4 22. Qxd6 Ne2+ 23. Kh1 Bxd6 24. Rc2 1-0


[Site "https://www.chess.com"]

[Event "Titled Tuesday Blitz May 24 Early 2022"]
[White "Seo, Jung Min"]
[Black "Ljukin, Sergei"]
[WhiteFideId "1734687"]
[BlackFideId "14102200"]
[WhiteElo "2401"]
[BlackElo "2312"]
[Result "1-0"]
[Round "01"]
[TimeControl "180+1"]
[Date "2022.05.25"]
[WhiteClock "0:01:09"]
[BlackClock "0:00:04"]

1. d4 d5 2. c4 c6 3. Nf3 Nf6 4. e3 e6 5. b3 Bb4+ 6. Bd2 Bd6 7. Bd3 O-O 8. O-O Nbd7 9. Bc3 Qe7 10. Nbd2 e5 11. dxe5 Nxe5 12. Nxe5 Bxe5 13. Bxe5 Qxe5 14. Qc2 Bg4 15. cxd5 cxd5 16. h3 Bh5 17. Rac1 Bg6 18. Bxg6 hxg6 19. Nf3 Qe7 20. Qc7 Rfe8 21. Rfd1 Rad8 22. Nd4 Rd7 23. Qa5 a6 24. Qd2 Ne4 25. Qc2 Red8 26. Rd3 Qf6 27. Rcd1 Qe7 28. Ne2 Rc7 29. Qb2 Rcd7 30. Nf4 Nf6 31. Rd4 g5 32. Ne2 Rc7 33. Nc3 Rdc8 34. Nxd5 Nxd5 35. Rxd5 Rc2 36. Rd8+ Kh7 37. Qb1 Qf6 38. R8d2 Qg6 39. Rxc2 Rxc2 40. a4 Kg8 41. Rc1 Rxc1+ 42. Qxc1 Qe6 43. Qc3 f6 44. Qc4 Qxc4 45. bxc4 Kf7 46. Kf1 Ke6 47. Ke2 Kd6 48. Kd3 Kc5 49. Kc3 a5 50. f4 gxf4 51. exf4 f5 52. g4 fxg4 53. hxg4 b6 54. f5 Kd6 55. Kd4 1-0


[Site "https://www.chess.com"]

[Event "Titled Tuesday Blitz May 24 Early 2022"]
[White "Shipov, Sergei"]
[Black "Ianov, Viktor"]
[WhiteFideId "4113624"]
[BlackFideId "14102730"]
[WhiteElo "2799"]
[BlackElo "2152"]
[Result "1-0"]
[Round "01"]
[TimeControl "180+1"]
[Date "2022.05.25"]
[WhiteClock "0:00:21"]
[BlackClock "0:00:38"]

1. d4 d6 2. Nf3 g6 3. c4 Bg7 4. Nc3 Bg4 5. e3 c5 6. d5 Bxc3+ 7. bxc3 Nd7 8. Be2 f5 9. Ng5 Bxe2 10. Qxe2 Qa5 11. O-O Ngf6 12. Rb1 Nb6 13. e4 Nxe4 14. Nxe4 fxe4 15. Qxe4 O-O-O 16. Qxe7 Qxa2 17. Bf4 Rd7 18. Qe6 Kc7 19. Bxd6+ Rxd6 20. Qe7+ Rd7 21. Qe5+ Rd6 22. Qxh8 Qxc4 23. Qxh7+ Nd7 24. Rfe1 Qxd5 25. g3 b6 26. Qg7 Kc6 27. Re8 Qd3 28. Rbe1 c4 29. Rc8+ Kb5 30. Qe7 a5 31. Rc7 Nc5 32. Qe8+ Nd7 33. Re7 Qd1+ 34. Kg2 Qd5+ 35. Kg1 Qd1+ 36. Re1 Qd5 37. Rxd7 Rxd7 38. Re5 Kc5 39. Qc8+ Kd6 40. Rxd5+ Kxd5 41. Qxd7+ 1-0


[Site "https://www.chess.com"]

[Event "Titled Tuesday Blitz May 24 Early 2022"]
[White "Shton, Roman"]
[Black "Tologon tegin, Semetei"]
[WhiteFideId "14137461"]
[BlackFideId "13800574"]
[WhiteElo "2013"]
[BlackElo "2258"]
[Result "1/2-1/2"]
[Round "01"]
[TimeControl "180+1"]
[Date "2022.05.25"]
[WhiteClock "0:00:27"]
[BlackClock "0:00:19"]

1. d4 Nf6 2. Nf3 g6 3. c4 Bg7 4. Nc3 d5 5. cxd5 Nxd5 6. e4 Nxc3 7. bxc3 c5 8. Be3 O-O 9. Be2 Qa5 10. Qd2 Nc6 11. Rc1 cxd4 12. cxd4 Qxd2+ 13. Kxd2 Rd8 14. d5 e6 15. Bc4 exd5 16. exd5 Be6 17. Ke2 Bxd5 18. Bxd5 Rxd5 19. Rb1 Rd7 20. Rhc1 Re8 21. Kf1 h6 22. h4 Re6 23. g3 b6 24. Rc4 Ne5 25. Rc8+ Kh7 26. Nd4 Ree7 27. Nb5 Nd3 28. Rd1 Nb4 29. Rxd7 Rxd7 30. a4 Nd5 31. Ra8 Nxe3+ 32. fxe3 a5 33. Rb8 Re7 34. Kf2 Re4 35. Rxb6 Rxa4 36. Ra6 Ra2+ 37. Kf3 a4 38. Ra7 f5 39. Nc3 Ra1 40. Nxa4 h5 41. Ra6 Kh6 42. Nc5 Rf1+ 43. Kg2 Re1 44. Kf2 Rc1 45. Ne6 Be5 46. Nf4 Bxf4 47. exf4 Rc3 48. Rb6 Rc4 49. Ra6 Rd4 50. Rb6 Re4 51. Ra6 Kg7 52. Rb6 Kf7 53. Ra6 Re7 54. Rb6 Rd7 55. Ra6 Rb7 56. Rc6 Ra7 57. Rb6 Ra2+ 58. Kf3 Ra3+ 59. Kf2 Ra7 60. Kf3 Rc7 61. Kf2 Re7 62. Kf3 Re8 63. Rb7+ Kf6 64. Rb6+ Kf7 65. Kf2 Re6 66. Rb7+ Kf6 67. Ra7 Rb6 68. Kf3 Rc6 69. Kf2 Rd6 70. Kf3 Re6 71. Kf2 Rc6 72. Kf3 Rc2 73. Ra6+ Kf7 74. Ra7+ Ke6 75. Ra6+ Kf7 76. Ra7+ Kf6 77. Ra6+ Kg7 78. Ra7+ Kh6 79. Ra6 Rc4 80. Kf2 Rc5 81. Kf3 Rc7 82. Kf2 Kg7 83. Kf3 Rb7 84. Kf2 Kf7 85. Kf3 Re7 86. Kf2 Re6 87. Ra7+ Kf6 88. Kf3 Rb6 89. Kf2 Ke6 90. Kf3 Kd5 91. Rd7+ Kc4 92. Rd8 Re6 93. Rg8 Rd6 94. Rg7 Kd3 95. Rg8 Kd2 96. Rg7 Ke1 97. Rg8 1/2-1/2


[Site "https://www.chess.com"]

[Event "Titled Tuesday Blitz May 24 Early 2022"]
[White "Shtyka, Sergey"]
[Black "Vasquez Schroeder, Rodrigo"]
[WhiteFideId "4138465"]
[BlackFideId "3400042"]
[WhiteElo "2014"]
[BlackElo "2567"]
[Result "0-1"]
[Round "01"]
[TimeControl "180+1"]
[Date "2022.05.25"]
[WhiteClock "0:00:02"]
[BlackClock "0:01:08"]

1. e4 c5 2. Nf3 d6 3. d4 cxd4 4. Nxd4 Nf6 5. Nc3 a6 6. Bc4 e6 7. O-O b5 8. Bd3 Bb7 9. a3 Nbd7 10. f4 Be7 11. Qf3 Qc7 12. Be3 O-O 13. Rae1 g6 14. Qh3 Nc5 15. Bf2 e5 16. fxe5 dxe5 17. Nf3 Nxd3 18. cxd3 Nh5 19. Bg3 Bc8 20. Nd5 Qa7+ 21. Bf2 Bc5 22. Qh4 Be6 23. Nf6+ Nxf6 24. Qxf6 Rad8 25. Nxe5 Bxf2+ 26. Qxf2 Qxf2+ 27. Rxf2 f6 28. Nc6 Rxd3 29. Nb4 Rd6 30. e5 fxe5 31. Rxf8+ Kxf8 32. Rxe5 Bc4 33. Re1 a5 34. Nc2 Rd2 35. Ne3 Bb3 36. Ng4 Rxb2 37. Nf6 h5 38. Nd7+ Kf7 39. Ne5+ Kg7 40. Nd3 Rd2 41. Nc5 Bc4 42. h4 Rd5 43. Ne6+ Kf6 44. Ng5 Rd4 45. Ne4+ Kf5 46. Nc5 Rxh4 47. a4 bxa4 48. Nxa4 Rg4 49. Nc5 Bd5 50. Re2 h4 51. Kh1 h3 52. Kh2 hxg2 53. Kg1 Rh4 54. Rf2+ Kg5 55. Ne4+ Bxe4 0-1


[Site "https://www.chess.com"]

[Event "Titled Tuesday Blitz May 24 Early 2022"]
[White "Shuvalov, Evgenij"]
[Black "Kamsky, Gata"]
[WhiteFideId "4187237"]
[BlackFideId "2000024"]
[WhiteElo "2053"]
[BlackElo "2645"]
[Result "0-1"]
[Round "01"]
[TimeControl "180+1"]
[Date "2022.05.24"]
[WhiteClock "0:00:11"]
[BlackClock "0:00:23"]

1. Nf3 Nf6 2. c4 c6 3. g3 g6 4. b3 Bg7 5. Bb2 O-O 6. Bg2 d6 7. O-O a5 8. Nc3 Bg4 9. d4 Qc8 10. Re1 Re8 11. Rc1 e5 12. Na4 Nbd7 13. Ba3 e4 14. Nd2 e3 15. fxe3 Qc7 16. Nf1 h5 17. Nc3 Bf5 18. d5 c5 19. Nb5 Qb8 20. Bb2 Ne5 21. a4 Qd8 22. Qd2 Bh6 23. h3 Ra6 24. Bxe5 Rxe5 25. Rc3 Qe7 26. Qc1 Ra8 27. Rd1 Re8 28. Kf2 Qd7 29. Kg1 Rd8 30. Kh2 Qe7 31. Re1 Bd7 32. Rd1 Bxb5 33. cxb5 b6 34. Rdd3 Re8 35. Qd2 h4 36. g4 Nd7 37. Rc4 f5 38. Bf3 Kh8 39. Qc3 Kh7 40. Kg2 Bg5 41. Qc2 Nf6 42. Qc3 Ne4 43. Bxe4 fxe4 44. Rd1 Rf8 45. Nh2 Qg7 46. Qd2 Re7 47. Rcc1 Qe5 48. Rf1 Qg3+ 49. Kh1 Ref7 50. Rxf7+ Rxf7 51. Rf1 Rf2 52. Rxf2 Qxf2 53. Qd1 Kg7 54. Qa1+ Bf6 55. Qf1 Qxe3 56. Qe1 g5 57. Qd1 Qxh3 58. Qb1 Be5 59. Qg1 Qxb3 60. Qf2 Qh3 61. Kg1 Qxh2+ 62. Qxh2 Bxh2+ 63. Kxh2 c4 0-1


[Site "https://www.chess.com"]

[Event "Titled Tuesday Blitz May 24 Early 2022"]
[White "Shuvalova, Polina"]
[Black "Kuznetsov, Mikhail"]
[WhiteFideId "24171760"]
[BlackFideId "4117190"]
[WhiteElo "2355"]
[BlackElo "1981"]
[Result "1-0"]
[Round "01"]
[TimeControl "180+1"]
[Date "2022.05.25"]
[WhiteClock "0:00:42"]
[BlackClock "0:00:01"]

1. e4 c6 2. d4 d5 3. f3 dxe4 4. fxe4 e5 5. Nf3 Be6 6. c3 Nf6 7. Bd3 Nbd7 8. O-O Bd6 9. Nbd2 Qc7 10. Qc2 O-O-O 11. a4 Kb8 12. a5 h6 13. a6 b6 14. Nc4 Bxc4 15. Bxc4 Rhf8 16. b4 Ng4 17. h3 Ngf6 18. b5 c5 19. Be3 Rc8 20. Rac1 Nh5 21. Qa2 Ng3 22. Rfe1 f6 23. Bf2 exd4 24. cxd4 Nh5 25. Bd5 Nf4 26. Bb7 Rce8 27. Red1 g5 28. Bc6 Ne6 29. Bd5 Nf4 30. dxc5 Nxc5 31. Nd4 Ng6 32. Nc6+ Kc8 33. Kh1 Ne5 34. Bxc5 Bxc5 35. Be6+ Rxe6 36. Qxe6+ Nd7 37. Ne7+ Kd8 38. Nf5 Rh8 39. Qxf6+ 1-0


[Site "https://www.chess.com"]

[Event "Titled Tuesday Blitz May 24 Early 2022"]
[White "Sirosh, Ilja"]
[Black "Vainio, Ville"]
[WhiteFideId "4500458"]
[BlackFideId "507270"]
[WhiteElo "2241"]
[BlackElo "2219"]
[Result "0-1"]
[Round "01"]
[TimeControl "180+1"]
[Date "2022.05.25"]
[WhiteClock "0:00:06"]
[BlackClock "0:00:23"]

1. Nf3 d6 2. d4 Bg4 3. e4 Nf6 4. Nc3 Nbd7 5. Be2 e5 6. dxe5 dxe5 7. h3 Bh5 8. O-O Be7 9. Be3 O-O 10. Nd2 Bxe2 11. Qxe2 c6 12. a4 Bc5 13. Nc4 Qc7 14. a5 b5 15. axb6 axb6 16. Bxc5 Nxc5 17. Qe3 Rfb8 18. b4 Rxa1 19. Rxa1 Ne6 20. Ne2 Nd7 21. c3 b5 22. Na5 Nb6 23. Ng3 Rd8 24. Nf5 g6 25. Nh6+ Kg7 26. g3 Nf4 27. gxf4 exf4 28. Nf5+ gxf5 29. Qc5 fxe4 30. Qg5+ Kh8 31. Qf6+ Kg8 32. Kh1 Rd6 33. Rg1+ Kf8 34. Qh8+ Ke7 35. Qxh7 Re6 36. Rg7 Ke8 37. Qg8+ Kd7 38. Rxf7+ Re7 39. Rxe7+ Kxe7 40. Qg7+ Kd8 41. Qf8+ Kd7 42. Qf5+ Kd8 43. Qxe4 Nd5 44. Kg2 Qg7+ 45. Kh2 Qxc3 46. h4 Qd2 47. Kg2 Ne3+ 48. Kf3 Nd5 49. h5 Qc3+ 50. Kg4 Qg7+ 51. Kh3 Qg5 52. Qg6 Qxg6 53. hxg6 Ke7 54. Nxc6+ Kf6 55. Ne5 Kxe5 56. g7 Ne7 57. Kh4 Kf6 58. Kg4 Kxg7 59. Kxf4 Kf6 60. Ke4 Ke6 61. Kd4 Kd6 62. Ke4 Kc6 63. Kd4 Kd6 64. Ke4 Nd5 65. Kd4 Nxb4 66. f3 Nc6+ 67. Kc3 Kc5 68. Kd3 b4 69. f4 Ne7 70. Ke4 Kc4 71. Ke5 Ng6+ 72. Ke6 Nxf4+ 0-1


[Site "https://www.chess.com"]

[Event "Titled Tuesday Blitz May 24 Early 2022"]
[White "Sismeiro, Miguel"]
[Black "Itkis, Boris"]
[WhiteFideId "1950975"]
[BlackFideId "1209167"]
[WhiteElo "2031"]
[BlackElo "2207"]
[Result "0-1"]
[Round "01"]
[TimeControl "180+1"]
[Date "2022.05.25"]
[WhiteClock "0:00:57"]
[BlackClock "0:01:11"]

1. Nf3 d5 2. b3 Nf6 3. Bb2 g6 4. e3 Bg7 5. c4 O-O 6. Be2 c6 7. O-O Nbd7 8. d4 Re8 9. Nbd2 b6 10. Qc2 Bb7 11. Rac1 Rc8 12. e4 dxe4 13. Nxe4 Nxe4 14. Qxe4 Nf6 15. Qh4 c5 16. d5 e6 17. d6 Ne4 18. Bxg7 Kxg7 19. Rfd1 Qxh4 20. Nxh4 Red8 21. Rd3 Rxd6 22. Rcd1 Rcd8 23. Nf3 Rxd3 24. Rxd3 Rxd3 25. Bxd3 Nc3 26. a3 Bxf3 27. gxf3 Kf6 28. f4 e5 29. fxe5+ Kxe5 30. Kg2 Kd4 31. Bf1 Ne4 32. b4 Nd2 33. bxc5 bxc5 34. Be2 Nxc4 35. a4 Nd6 36. Kg3 c4 37. Kf4 c3 38. Bd1 Kd3 39. Ke5 Ne4 40. f4 f5 41. a5 c2 42. Bxc2+ Kxc2 43. Kd5 Kd3 44. Kc6 Ke3 45. Kb7 Kxf4 46. Kxa7 Ke5 47. Kb6 f4 48. a6 Nd6 49. Kc6 Nc8 50. Kc7 Na7 51. Kb6 Kd6 52. Kxa7 Kc7 53. h4 f3 54. Ka8 f2 55. h5 f1=Q 56. hxg6 Qxa6# 0-1


[Site "https://www.chess.com"]